 Dungeon Crawl Stone Soup version 0.30.0-16-gbe6223bb7e (webtiles) character file.

Game seed: 3912380132361325684

406 mn3067 the Ogre Mage (level 6, -10/53 HPs)
             Began as an Ogre Fire Elementalist on May 20, 2023.
             Mangled by Duvessa
             ... wielding a +0 short sword
              (18 damage)
             ... on level 4 of the Dungeon.
             The game lasted 00:09:22 (3579 turns).

mn3067 the Ogre Mage (Ogre Fire Elementalist)       Turns: 3579, Time: 00:09:23

Health: -10/53     AC:  3    Str: 13    XL:     6   Next: 87%
Magic:  0/16       EV:  9    Int: 18    God:
Gold:   138        SH:  0    Dex:  9    Spells: 17/20 levels left

rFire   + . .        c - +0 club
rCold   x . .        (no shield)
rNeg    . . .        a - +0 robe
rPois   .            (helmet restricted)
rElec   .            (no cloak)
rCorr   .            (gloves unavailable)
SInv    .            (boots unavailable)
Will    .....        (no amulet)
Stlth   +            d - ring of wizardry
HPRegen 0.28/turn    g - ring of fire
MPRegen 0.15/turn

%: wizardry (x1)
@: no status effects
A: large, unfitting armour, tough skin 1
a: no special abilities


You were on level 4 of the Dungeon.
You visited 2 branches of the dungeon, and saw 5 of its levels.

You collected 138 gold pieces.

Inventory:

Hand Weapons
 c - a +0 club (weapon)
Armour
 a - a +0 robe (worn)
Jewellery
 d - a ring of wizardry (left hand)
 g - a ring of fire (right hand)
Scrolls
 f - a scroll of vulnerability
 i - a scroll of fear {unknown}
 j - a scroll of fog {unknown}
 m - a scroll of butterflies {unknown}
 n - a scroll of identify
 o - a scroll of noise {unknown}
 q - 2 scrolls of brand weapon {unknown}
Potions
 b - a potion of magic
 e - 2 potions of ambrosia
 h - 2 potions of flight
 k - 2 potions of might {unknown}
 l - a potion of curing {unknown}
 p - 4 potions of heal wounds {unknown}


   Skills:
 - Level 1.7 Dodging
 - Level 1.4 Stealth
 + Level 7.9 Spellcasting
 - Level 0.8 Conjurations
 - Level 2.6 Fire Magic


You had 17 spell levels left.
You knew the following spells:

 Your Spells              Type           Power      Damage    Failure   Level
a - Foxfire               Conj/Fire      80%        2x1d8     1%          1
b - Scorch                Fire           50%        2d7       1%          2

Your spell library contained the following spells:

 Spells                   Type           Power      Damage    Failure   Level
 Poisonous Vapours        Pois/Air       14%        N/A       6%          2
 Inner Flame              Hex/Fire       17%        N/A       7%          3
 Volatile Blastmotes      Fire/Tloc      34%        2d12      7%          3
 Dazzling Flash           Conj/Hex       16%        N/A       11%         3
 Mephitic Cloud           Conj/Pois/Air  8%         N/A       11%         3
 Flame Wave               Conj/Fire      20%        2d7       19%         4
 Freezing Cloud           Conj/Ice/Air   4%         6-21      65%         5
 Agony                    Necr           7%         N/A       69%         5
 Silence                  Hex/Air        3%         N/A       69%         5


Dungeon Overview and Level Annotations

Branches:
Dungeon (4/15)             Temple (1/1) D:4

Altars:
Cheibriados
Elyvilon
Kikubaaqudgha
Nemelex Xobeh
Okawaru
Qazlal
Trog
Uskayaw
Vehumet
Wu Jian
Xom
Yredelemnul
The Shining One

Annotations:
D:4 Duvessa


Innate Abilities, Weirdness & Mutations

You are too large for most types of armour.
You have tough skin. (AC +1)


Message History

Confirm with . or Enter, or press ? or * to list all spells.
You feel a surge of power!
You conjure some foxfire!
Duvessa hits you with a +0 short sword.
Dowan casts a spell at Duvessa.
Duvessa seems to speed up.
Casting: Foxfire (safe; 1% risk of failure)
Confirm with . or Enter, or press ? or * to list all spells.
You feel a surge of power!
There is not enough space to conjure foxfire!
Casting: Foxfire (safe; 1% risk of failure)
Confirm with . or Enter, or press ? or * to list all spells.
You feel a surge of power!
Flames lash Dowan.
You kill Dowan!
Duvessa screams, "No!
How DARE you!"
Duvessa goes berserk!
The foxfire hits Duvessa.
Duvessa is moderately wounded.
The foxfire hits Duvessa.
Duvessa is heavily wounded.
Duvessa hits you but does no damage. Duvessa closely misses you.
Casting: Scorch (safe; 1% risk of failure)
Confirm with . or Enter, or press ? or * to list all spells.
You feel a surge of power!
You conjure some foxfire!
Duvessa hits you with a +0 short sword.
Casting: Foxfire (safe; 1% risk of failure)
Confirm with . or Enter, or press ? or * to list all spells.
You feel a surge of power!
Flames lash Duvessa but do no damage.
The foxfire hits Duvessa but does no damage.
Duvessa is heavily wounded.
The foxfire hits Duvessa.
Duvessa is heavily wounded.
Duvessa hits you with a +0 short sword!
* * * LOW HITPOINT WARNING * * *
Duvessa closely misses you.
Your magical contamination has completely faded away.
You hit Duvessa but do no damage.
Duvessa is heavily wounded.
Duvessa hits you with a +0 short sword.
* * * LOW HITPOINT WARNING * * *
Duvessa hits you with a +0 short sword!!
You die...

###### #....# #....# #....#
#....#..# #....#..#
..#####....+..#
.........e@#..#
##.....#)###..#
+.....'......#
#.....#......###### #####
#.....#...........# #....
.$.....+...........# #....
.......#...........# #....
.......#..##..#########.)..
#..##..######..#....


You could see Duvessa (berserk, fast).

Vanquished Creatures
  Eustachio (D:4)
  Pargi (D:4)
  Dowan (D:4)
  3 gnolls (D:2)
  2 adders
  An ufetubus (D:4)
  3 dart slugs (D:1)
  An orc (D:3)
  3 endoplasms
  7 goblins
  5 hobgoblins
  6 jackals (D:1)
  3 quokkas
  5 ball pythons
  6 bats
  A frilled lizard (D:1)
  3 kobolds
  5 rats (D:1)
57 creatures vanquished.

Vanquished Creatures (others)
  92 foxfires
92 creatures vanquished.

Grand Total: 149 creatures vanquished

Notes
Turn   | Place    | Note
-------+----------+-------------------------------------------
     0 | D:1      | mn3067 the Ogre Fire Elementalist began the quest for the
                  | Orb.
     0 | D:1      | Reached XP level 1. HP: 16/16 MP: 3/3
    93 | D:1      | Reached skill level 3 in Spellcasting
   144 | D:1      | Reached XP level 2. HP: 12/24 MP: 6/6
   147 | D:1      | Learned a level 2 spell: Scorch
   520 | D:1      | Reached XP level 3. HP: 31/31 MP: 0/8
   626 | D:1      | Reached skill level 4 in Spellcasting
  1185 | D:2      | Found a hide-covered altar of Uskayaw.
  1524 | D:2      | Reached XP level 4. HP: 39/39 MP: 6/10
  1569 | D:2      | Reached skill level 5 in Spellcasting
  2135 | D:3      | Found a hide-covered altar of Uskayaw.
  2548 | D:3      | Found a snail-covered altar of Cheibriados.
  2552 | D:3      | Found a glowing golden altar of the Shining One.
  2664 | D:3      | Found a radiant altar of Vehumet.
  2664 | D:3      | Found a stormy altar of Qazlal.
  2665 | D:3      | Found an ancient bone altar of Kikubaaqudgha.
  3040 | D:4      | Noticed Pargi
  3052 | D:4      | Killed Pargi
  3053 | D:4      | Reached skill level 6 in Spellcasting
  3053 | D:4      | Reached XP level 5. HP: 20/45 MP: 2/14
  3168 | D:4      | Found a staircase to the Ecumenical Temple.
  3188 | Temple   | Entered the Ecumenical Temple
  3351 | D:4      | Noticed Eustachio
  3469 | D:4      | Killed Eustachio
  3470 | D:4      | Reached skill level 7 in Spellcasting
  3470 | D:4      | Reached XP level 6. HP: 53/53 MP: 8/16
  3557 | D:4      | Noticed Dowan
  3559 | D:4      | Noticed Duvessa
  3576 | D:4      | Killed Dowan
  3579 | D:4      | Mangled by Duvessa

Illustrated notes

Levels and vault maps discovered:
D:1:      scummos_arrival_simple_crosswalls, layout_loops_cross
D:2:      layout_loops_ring, basic_altar
D:3:      layout_loops_ring, nicolae_uskayaw_murder_on_the_dancefloor,
          nicolae_overflow_hidden_temple
D:4:      layout_gridville, minmay_temple_entry_overgrown, uniq_pargi,
          uniq_duvessa, uniq_eustachio
Temple:   nicolae_temple_superstar

Skill      XL: |  1  2  3  4  5 |
---------------+----------------+-----
Spellcasting   | 3 4 6 7 |  7.9
Dodging        | |  1.7
Stealth        | |  1.4
Conjurations   | |  0.8
Fire Magic     | |  2.6

Action                     |  1- 3 |  4- 6 || total
---------------------------+-------+-------++-------
  Melee: Club              |    47 |    11 ||    58
   Cast: Scorch            |    27 |    22 ||    49
         Foxfire           |    14 |    40 ||    54
    Use: Scroll            |       |     3 ||     3
 Armour: Robe              |    33 |    19 ||    52
  Dodge: Dodged            |    37 |    30 ||    67
